Map: Frost LE

Players

Jerry - Winner!

  • Race: Protoss Protoss
  • League: Diamond

grizzlybear

  • Race: Terran Terran

VOD

Have the link to the VOD?

Description

Time

  • Played on: Oct. 18, 2016, 8:30 p.m.
  • Length: 7:57
Show
View Real Time Build Order
Export as new Build Order

Jerry Protoss - Winner!

Build Orders: Oracle Opening 

Get SALT Encoding   

  12  0:01  Probe (Chrono Boost)  
  13  0:11  Probe (Chrono Boost)  
  14  0:18  Pylon  
  14  0:22  Probe (Chrono Boost)  
  15  0:37  Gateway  
  15  0:38  Probe (Chrono Boost)  
  16  0:45  Assimilator  
  16  0:48  Probe (Chrono Boost)  
  17  0:54  Assimilator  
  17  0:59  Probe (Chrono Boost)  
  18  1:09  Probe (Chrono Boost)  
  19  1:20  Probe (Chrono Boost)  
  19  1:25  Cybernetics Core  
  20  1:30  Probe (Chrono Boost)  
  20  1:31  Pylon  
  21  1:41  Probe (Chrono Boost)  
  22  1:52  Probe (Chrono Boost)  
  25  2:01  Adept, Warp Gate  
  25  2:04  Mothership Core (Chrono Boost)  
  25  2:06  Pylon  
  27  2:24  Stargate  
  27  2:25  Adept  
  29  2:34  Gateway  
  29  2:56  Gateway  
  29  3:03  Oracle  
  29  3:07  Pylon  
  32  3:13  Adept  
  34  3:33  Void Ray  
  34  3:38  Pylon  
  34  3:39  Pylon  
  38  4:13  Void Ray  
  37  4:29  Stalker x3  
  39  4:53  Gateway  
  39  4:57  Adept  
  39  4:58  Adept x2  
  45  5:07  Pylon  
  45  5:19  Void Ray  
  45  5:24  Pylon  
  49  5:34  Adept  
  51  5:35  Stalker  
  51  5:37  Adept  
  55  5:49  Adept  
  57  5:57  Oracle  
  57  6:02  Adept  
  62  6:06  Pylon  
  62  6:24  Adept  
  62  6:25  Adept x2  
  68  6:27  Sentry  
  60  7:05  Adept x4  
  60  7:26  Adept x4  
Show
View Real Time Build Order
Export as new Build Order

grizzlybear Terran 

Build Orders: Reaper Expand 

Get SALT Encoding   

  12  0:00  SCV  
  13  0:12  SCV  
  14  0:17  Supply Depot  
  14  0:25  SCV  
  15  0:29  Refinery  
  15  0:39  SCV  
  16  0:46  Barracks  
  16  0:51  SCV  
  17  1:03  SCV  
  18  1:15  SCV  
  19  1:32  Orbital Command  
  19  1:33  Reaper  
  20  1:48  Command Center, Unknown  
  20  2:00  SCV  
  21  2:06  Factory  
  21  2:09  Barracks Reactor  
  21  2:16  SCV, Supply Depot  
  22  2:25  Bunker  
  22  2:29  SCV, Refinery  
  23  2:41  SCV  
  23  2:46  Marine x2  
  23  2:51  Widow Mine  
  25  2:54  SCV  
  28  2:59  Unknown  
  28  3:01  Starport  
  28  3:05  SCV  
  29  3:07  Marine x2  
  31  3:17  Engineering Bay  
  31  3:24  Factory Tech Lab  
  31  3:25  Marine x2  
  33  3:37  Orbital Command  
  33  3:38  Medivac  
  35  3:48  Marine x2  
  35  3:52  Siege Tank  
  40  4:08  Marine  
  40  4:09  Marine  
  37  4:17  SCV x2  
  38  4:29  Supply Depot  
  38  4:39  Marine  
  38  4:48  Supply Depot  
  38  4:50  SCV, Marine, Siege Tank  
  44  4:52  Orbital Command  
  44  4:57  Marine  
  44  4:59  Medivac  
  46  5:03  Terran Infantry Weapons Level 1  
  46  5:09  SCV  
  46  5:10  Marine  
  46  5:11  Supply Depot  
  48  5:16  Barracks  
  48  5:20  SCV  
  48  5:21  SCV, Marine  
  51  5:29  Supply Depot  
  51  5:30  Missile Turret  
  51  5:35  SCV  
  52  5:36  SCV  
  52  5:38  Marine  
  52  5:40  Marine  
  55  5:45  Missile Turret  
  55  5:49  Starport Reactor  
  55  5:55  Supply Depot  
  55  5:56  SCV x2, Marine  
  58  5:58  Marine  
  59  6:05  Barracks Tech Lab  
  59  6:08  Missile Turret, SCV  
  60  6:15  Siege Tank  
  60  6:16  Marine x2  
  65  6:20  SCV  
  65  6:21  SCV  
  65  6:24  Combat Shields  
  67  6:29  Medivac  
  67  6:31  Medivac  
  71  6:35  SCV  
  71  6:36  SCV  
  71  6:37  Marine  
  71  6:39  Marine  
  75  6:43  Supply Depot  
  75  6:55  Missile Turret  
  58  7:02  Marine x2  
  45  7:11  Marine  
  43  7:17  Siege Tank  
  43  7:20  Marine x2  
  43  7:22  Viking  
  50  7:29  Marine  
  45  7:38  Marine  
Tags
 
Add a new tag
Caveats
  • Supply blocks, unpowered buildings, or Contaminate may cause inaccurate times.
  • Supply counts are checked every 10 seconds.